 Dungeon Crawl Stone Soup version 0.19.4 (webtiles) character file.

93264 protoss039 the Bludgeoner (level 16, -7/93 HPs)
             Began as a Gargoyle Fighter on Feb 2, 2017.
             Was the Champion of Okawaru.
             Splashed by an acid blob's acid (9 damage)
             ... on level 6 of the Lair of Beasts.
             The game lasted 01:55:25 (22095 turns).

protoss039 the Bludgeoner (Gargoyle Fighter)       Turns: 22095, Time: 01:55:26

Health: -7/93      AC: 20    Str: 38    XL:     16   Next: 8%
Magic:  21/21      EV:  9    Int:  8    God:    Okawaru [******]
Gold:   1485       SH: 23    Dex:  9    Spells: 0 memorised, 15 levels left

rFire  . . .     SeeInvis .     F - +7 eveningstar "Yrchapt" {venom, +Rage}
rCold  + . .     Gourm    .     p - quicksilver dragon scales
rNeg   + . .     Faith    .     d - +1 large shield {reflect}
rPois  ∞         Spirit   .     j - +2 hat of the Gate {+Inv Str+5 Stlth-}
rElec  +         Reflect  +     y - +3 cloak of the Suburbs {rPois}
rCorr  .         Harm     .     n - +1 pair of gloves {Str+3}
MR     ++++.     Clarity  +     q - +0 pair of boots
Stlth  .......... Rnd*Tele +    (no amulet)
                                o - +4 ring of slaying
                                i - ring of protection from magic

@: corroded
A: big wings, fangs 1, clarity, cold resistance 1, dopey 1, frail 1, magic
resistance 1, mutation resistance 1, negative energy resistance 1, electricity
resistance, strong 2, teleportitis 1, unbreathing, petrification resistance, rot
immunity, AC +11
a: Fly, Heroism, Finesse, Renounce Religion, Evoke Berserk Rage, Evoke
Invisibility


You were on level 6 of the Lair of Beasts.
You worshipped Okawaru.
Okawaru was exalted by your worship.
You were hungry.

You visited 3 branches of the dungeon, and saw 22 of its levels.
You also visited: Volcano.

You collected 1485 gold pieces.

Inventory:

Hand Weapons
 F - the +7 eveningstar "Yrchapt" (weapon) {venom, +Rage}
   (Okawaru gifted it to you on level 11 of the Dungeon)

   It poisons the flesh of those it strikes.
   It lets you go berserk.
Missiles
 E - 3 tomahawks of dispersal
 P - 4 javelins (quivered)
Armour
 d - a +1 large shield of reflection (worn)
 j - the +2 hat of the Gate (worn) {+Inv Str+5 Stlth-}
   (You acquired it on level 2 of the Lair of Beasts)

   It affects your strength (+5).
   It lets you turn invisible.
   It makes you less stealthy.
 n - a +1 pair of gloves of strength (worn)
 p - quicksilver dragon scales (worn)
 q - a +0 pair of boots (worn)
 s - a +2 plate armour of cold resistance
 y - the +3 cloak of the Suburbs (worn) {rPois}
   (Okawaru gifted it to you on level 12 of the Dungeon)

   It protects you from poison.
Jewellery
 i - a ring of protection from magic (left hand)
 o - a +4 ring of slaying (right hand)
 z - a +3 ring of dexterity
Wands
 b - a wand of digging (12/24)
 C - a wand of acid (7/15)
 S - a wand of disintegration (9/24)
 T - a wand of iceblast (5/15)
Scrolls
 c - a scroll of enchant armour
 l - 3 scrolls of recharging
 m - 4 scrolls of remove curse
 u - 7 scrolls of magic mapping
 A - 5 scrolls of teleportation
 B - a scroll of enchant weapon
 H - a scroll of identify
 I - 3 scrolls of fog
 L - 2 scrolls of blinking
 V - a scroll of fear
Potions
 a - 2 potions of haste
 e - 5 potions of lignification
 g - 3 potions of agility
 r - a potion of magic
 w - a potion of brilliance
 x - 2 potions of might
 D - 3 potions of resistance
 G - a potion of heal wounds
 W - 4 potions of curing
Miscellaneous
 N - a lamp of fire
Comestibles
 f - 11 bread rations
 h - 12 meat rations
 k - 4 beef jerkies
 t - 10 slices of pizza
 v - 24 fruits


   Skills:
 * Level 13.3 Fighting
 + Level 17.4 Maces & Flails
 + Level 0.3 Throwing
 + Level 12.9 Armour
 - Level 1.2 Dodging
 + Level 13.2 Shields
 - Level 7.3 Invocations
 + Level 0.8 Evocations


You had 15 spell levels left.
You didn't know any spells.

Dungeon Overview and Level Annotations

Branches:
Dungeon (15/15)            Temple (1/1) D:7            Lair (6/6) D:10
 Shoals (0/4) Lair:3       Spider (0/4) Lair:4        Slime (0/5) Lair:6
    Orc (0/2) D:12         Vaults (0/5) D:13         Depths (0/5) D:15

Altars:
Ashenzari
Cheibriados
Dithmenos
Elyvilon
Fedhas
Gozag
Hepliaklqana
Kikubaaqudgha
Makhleb
Nemelex Xobeh
Okawaru
Qazlal
Ru
Sif Muna
Trog
Uskayaw
Vehumet
Xom
Yredelemnul
Zin
The Shining One

Shops:
D:7 (

Annotations:
D:11 1 runed door
Lair:1 exclusion: oklob plant


Innate Abilities, Weirdness & Mutations

You are resistant to torment.
Your stone body is resilient. (AC +11)
You are immune to poison.
Your large and strong wings let you fly indefinitely.
You resist negative energy. (rN+)
You are resistant to electric shocks. (rElec)
You can survive without breathing.
You are immune to petrification.
You are immune to rotting.
You have very sharp teeth.
You possess an exceptional clarity of mind.
Your flesh is cold resistant. (rC+)
You are dopey. (Int -2)
You are frail. (-10% HP)
You are resistant to hostile enchantments. (MR+)
You are somewhat resistant to further mutation.
Your muscles are very strong. (Str +4)
You are occasionally teleported next to monsters.


Message History

* * * LOW HITPOINT WARNING * * *
Unknown command.
Unknown command.
Okay, then.
Press: ? - help, v - describe, . - travel
Here: an acid blob (almost dead)
The floor.
You hit the acid blob. The acid corrodes you!
Your hands burn!
* * * LOW HITPOINT WARNING * * *
The acid blob is almost dead.
The acid blob spits acid at you.
Your +1 large shield of reflection reflects the splash of acid!
The splash of acid hits the acid blob.
The acid blob completely resists.
Unknown command.
Unknown command.
Unknown command.
You feel better. The acid blob hits you!!
* * * LOW HITPOINT WARNING * * *
The acid corrodes you!
You are splashed with acid!
The acid burns!
You die...

##........†.#.########..
#...........### #.....
#.#.........## ##.....
#.P..........# #P.....
##.........#### #....). ###
#P..........#######......
##.######............##.#.....#..
.......................#.........
................@J...........#...
.............................#.P.
.............................#P..
......................[.....#####
............................#≈###
............................#.≈≈#
..............................≈≈≈
#.............................≈≈≈
.##P#.###..........##..##...P.≈.≈


You could see an acid blob.

Vanquished Creatures
  Gastronok (Lair:1)
  The ghost of Chiseanne the Slicer, a journeyman DsWn of Gozag (D:12)
  A red draconian (Volcano)
  The ghost of TuxedoFelix the Fighter, a journeyman MiBe of Trog (Lair:1)
  2 vault guards (D:13)
  11 hydras
  Erolcha (D:13)
  A catoblepas (D:11)
  2 centaur warriors (D:15)
  Erica (Lair:2)
  3 ogre magi
  Urug (D:10)
  Sonja (D:13)
  Nergalle (Lair:2)
  4 skeletal warriors (D:15)
  A glowing orange brain (shapeshifter) (D:15)
  8 hill giants
  Pikel (D:7)
  2 wizards (D:13)
  A necromancer (D:13)
  3 deep elf magi
  2 cyclopes
  8 ugly things
  3 manticores
  21 elephants
  3 black mambas
  A torpor snail (shapeshifter) (D:15)
  Psyche (D:8)
  A torpor snail (Lair:3)
  A gargoyle (Volcano)
  A molten gargoyle (Volcano)
  23 spiny frogs
  An efreet (D:15)
  4 rime drakes
  4 komodo dragons
  3 polar bears
  3 meliai (D:15)
  7 trolls
  4 tyrant leeches (Lair:6)
  Grinder (D:3)
  9 two-headed ogres
  6 slime creatures
  26 blink frogs
  2 dream sheep (D:10)
  8 hippogriffs
  2 water elementals (D:13)
  A shadow (D:12)
  A vampire (D:10)
  A spriggan (Lair:4)
  4 wyverns
  A redback (Lair:4)
  2 wraiths (D:11)
  40 yaks
  2 fire bats (Volcano)
  A basilisk (Lair:4)
  A hungry ghost (D:10)
  20 humans (D:13)
  7 vampire mosquitoes
  Menkaure (D:5)
  A mottled dragon (D:14)
  9 water moccasins
  8 porcupines
  Duvessa (D:7)
  8 orc warriors
  A hornet zombie (D:15)
  8 sky beasts
  A slave (D:7)
  An eye of draining (D:10)
  3 boggarts (D:15)
  3 black bears
  4 phantoms
  8 wolves
  16 ogres
  9 crocodiles
  10 centaurs
  6 big kobolds
  37 bullfrogs
  2 gnoll sergeants
  A wyvern zombie (D:13)
  Dowan (D:7)
  A scorpion (shapeshifter) (D:15)
  6 scorpions
  7 wights
  6 electric eels
  A vampire bat (D:15)
  8 howler monkeys
  11 crimson imps
  4 lava snakes (Volcano)
  A centaur zombie (D:5)
  A quasit (D:10)
  A bullfrog zombie (D:11)
  5 centaur skeletons
  3 hounds
  17 jellies
  10 orc priests
  14 orc wizards
  Jessica (D:3)
  A bullfrog skeleton (D:8)
  3 iguanas
  8 worker ants
  A hound zombie (D:11)
  A hound skeleton (D:4)
  A howler monkey zombie (D:11)
  Robin (D:2)
  19 gnolls
  12 adders
  3 shadow imps
  2 oozes
  An adder zombie (D:8)
  A dart slug (D:2)
  2 leopard geckos (D:4)
  56 orcs
  2 bat zombies (D:4)
  8 giant cockroaches
  15 goblins
  10 hobgoblins
  2 jackals (D:2)
  18 kobolds
  5 quokkas
  3 ball pythons
  14 bats
  7 frilled lizards
  A quokka zombie (D:5)
  11 rats
718 creatures vanquished.

Vanquished Creatures (others)
  A slave (D:7)
  6 bushes (D:11)
  A fungus (Lair:6)
  40 plants
48 creatures vanquished.

Grand Total: 766 creatures vanquished

Notes
Turn   | Place    | Note
-------+----------+-------------------------------------------
     0 | D:1      | protoss039 the Gargoyle Fighter began the quest for the Orb.
     0 | D:1      | Reached XP level 1. HP: 14/14 MP: 1/1
   103 | D:1      | Reached XP level 2. HP: 18/19 MP: 2/2
   571 | D:2      | Reached XP level 3. HP: 19/24 MP: 3/3
  1061 | D:2      | Reached XP level 4. HP: 29/29 MP: 4/4
  1402 | D:2      | Reached skill level 3 in Maces & Flails
  1744 | D:3      | Noticed Jessica
  1752 | D:3      | Killed Jessica
  1752 | D:3      | Reached XP level 5. HP: 33/33 MP: 5/5
  1783 | D:3      | Noticed Grinder
  1800 | D:3      | Paralysed by Grinder for 2 turns
  1805 | D:3      | Killed Grinder
  1805 | D:3      | Reached skill level 4 in Maces & Flails
  1805 | D:3      | Reached skill level 1 in Dodging
  1805 | D:3      | Reached XP level 6. HP: 29/38 MP: 6/6
  1952 | D:3      | Noticed Robin
  1989 | D:2      | Killed Robin
  2249 | D:3      | Found a sacrificial altar of Ru.
  2742 | D:4      | Noticed a phantom
  2749 | D:4      | Killed a phantom
  2749 | D:4      | Reached XP level 7. HP: 40/44 MP: 7/7
  2807 | D:4      | Reached skill level 5 in Maces & Flails
  2807 | D:4      | Reached skill level 5 in Shields
  2890 | D:4      | Found an ancient bone altar of Kikubaaqudgha.
  3264 | D:4      | Found a shadowy altar of Dithmenos.
  3347 | D:4      | Reached skill level 5 in Armour
  3535 | D:5      | Entered Level 5 of the Dungeon
  3535 | D:5      | Noticed Menkaure
  3652 | D:5      | Reached skill level 6 in Maces & Flails
  3680 | D:5      | Got a clouded platinum ring
  3687 | D:5      | Identified the ring "Beruac" {Str+2 Dex+4 Slay-2 Stlth-} (You found it on level 5 of the Dungeon)
  3831 | D:5      | Reached XP level 8. HP: 21/48 MP: 8/8
  4106 | D:5      | Found a radiant altar of Vehumet.
  4745 | D:5      | Killed Menkaure
  4745 | D:5      | Reached skill level 7 in Maces & Flails
  5198 | D:6      | Reached skill level 5 in Fighting
  5206 | D:6      | Reached XP level 9. HP: 54/54 MP: 9/9
  5274 | D:6      | Reached skill level 8 in Maces & Flails
  5894 | D:7      | Gained mutation: You are occasionally teleported next to monsters. [mutagenic meat]
  5895 | D:7      | Gained mutation: You are frail. (-10% HP) [mutagenic meat]
  5896 | D:7      | Gained mutation: Your spells are a little harder to cast, but a little more powerful. [mutagenic meat]
  5897 | D:7      | Gained mutation: Your muscles are strong. (Str +2) [mutagenic meat]
  5898 | D:7      | Gained mutation: You are resistant to hostile enchantments. (MR+) [mutagenic meat]
  5919 | D:7      | Found a hazy altar of Hepliaklqana.
  5981 | D:7      | Found a shattered altar of Ashenzari.
  6050 | D:7      | Found a deep blue altar of Sif Muna.
  6124 | D:7      | Noticed Dowan
  6125 | D:7      | Noticed Duvessa
  6140 | D:7      | Killed Duvessa
  6143 | D:7      | Killed Dowan
  6311 | D:7      | Reached skill level 9 in Maces & Flails
  6358 | D:7      | Noticed Pikel
  6379 | D:7      | Killed Pikel
  6537 | D:7      | Found a staircase to the Ecumenical Temple.
  6755 | D:7      | Found Paelir's Weapon Emporium.
  6827 | Temple   | Entered the Ecumenical Temple
  7123 | D:8      | Noticed Psyche
  7135 | D:8      | Killed Psyche
  7135 | D:8      | Reached skill level 10 in Maces & Flails
  7135 | D:8      | Reached XP level 10. HP: 49/53 MP: 10/10
  7319 | D:8      | You fall through a shaft!
  7496 | D:8      | Found an iron altar of Okawaru.
  7496 | D:8      | Found a blossoming altar of Fedhas.
  7605 | D:8      | Became a worshipper of Warmaster Okawaru
  8203 | D:9      | Reached * piety under Okawaru
  8203 | D:9      | Reached skill level 11 in Maces & Flails
  8324 | D:9      | Gained mutation: You possess an exceptional clarity of mind. [mutagenic meat]
  8327 | D:9      | Gained mutation: You are dopey. (Int -2) [mutagenic meat]
  8599 | D:10     | Entered Level 10 of the Dungeon
  8757 | D:10     | Found a staircase to the Lair.
  8850 | D:10     | Noticed Urug
  8862 | D:10     | Killed Urug
  8979 | D:10     | Reached ** piety under Okawaru
  9104 | D:10     | Reached XP level 11. HP: 43/57 MP: 11/11
  9310 | D:10     | Reached skill level 12 in Maces & Flails
  9327 | D:10     | Noticed a three-headed hydra
  9356 | D:10     | Killed a three-headed hydra
  9356 | D:10     | Reached *** piety under Okawaru
  9614 | D:11     | Noticed a hill giant
  9622 | D:11     | Reached **** piety under Okawaru
 10050 | D:10     | Killed a hill giant
 10092 | D:11     | Noticed an eight-headed hydra
 10192 | D:11     | Noticed a brown ugly thing
 10382 | D:11     | Gained mutation: Your flesh is cold resistant. (rC+) [mutagenic meat]
 10383 | D:11     | Gained mutation: You have very sharp teeth. [mutagenic meat]
 10384 | D:11     | Lost mutation: Your spells are a little harder to cast, but a little more powerful. [mutagenic meat]
 10706 | D:10     | Killed an eight-headed hydra
 10706 | D:10     | Received a gift from Okawaru
 10872 | D:10     | Gained mutation: Your muscles are very strong. (Str +4) [potion of mutation]
 10943 | D:11     | Reached ***** piety under Okawaru
 11146 | D:11     | Found a runed door.
 11224 | D:11     | Reached skill level 10 in Armour
 11263 | D:11     | Killed a brown ugly thing
 11263 | D:11     | Reached skill level 13 in Maces & Flails
 11263 | D:11     | Reached skill level 1 in Invocations
 11355 | D:11     | Found a runed door.
 11362 | D:11     | Noticed a four-headed hydra
 11374 | D:11     | Killed a four-headed hydra
 11410 | D:11     | Gained mutation: You are somewhat resistant to further mutation. [mutagenic meat]
 11435 | D:11     | Received a gift from Okawaru
 11449 | D:11     | Noticed a catoblepas
 11460 | D:11     | Noticed a red ugly thing
 11470 | D:11     | Reached XP level 12. HP: 35/63 MP: 13/13
 11493 | D:11     | Killed a catoblepas
 11542 | D:11     | Received a gift from Okawaru
 11543 | D:11     | Got an ancient eveningstar {god gift}
 11556 | D:11     | Identified the +7 eveningstar "Yrchapt" {venom, +Rage} (Okawaru gifted it to you on level 11 of the Dungeon)
 11955 | D:12     | Reached skill level 14 in Maces & Flails
 12344 | D:12     | Found a staircase to the Orcish Mines.
 12361 | D:12     | Noticed Chiseanne's ghost (journeyman DsWn)
 12379 | D:12     | Killed Chiseanne's ghost
 12379 | D:12     | Received a gift from Okawaru
 12397 | D:12     | Got a faintly humming cloak {god gift}
 12408 | D:12     | Identified the +3 cloak of the Suburbs {rPois} (Okawaru gifted it to you on level 12 of the Dungeon)
 13047 | D:13     | Reached XP level 13. HP: 70/70 MP: 16/16
 13081 | D:13     | Noticed Erolcha
 13082 | D:13     | Noticed Sonja
 13086 | D:13     | Killed Erolcha
 13098 | D:13     | Killed Sonja
 13283 | D:13     | Reached skill level 15 in Maces & Flails
 13312 | D:13     | Noticed a vault guard
 13333 | D:13     | Killed a vault guard
 13347 | D:13     | Noticed a vault guard
 13366 | D:13     | Killed a vault guard
 13378 | D:13     | Received a gift from Okawaru
 13388 | D:13     | Reached skill level 10 in Shields
 13388 | D:13     | Reached skill level 5 in Invocations
 13420 | D:13     | Found a gate to the Vaults.
 14461 | D:14     | Reached ****** piety under Okawaru
 14467 | D:14     | Found a glowing golden altar of the Shining One.
 14613 | D:15     | Entered Level 15 of the Dungeon
 14668 | D:15     | Received a gift from Okawaru
 14952 | D:15     | Reached skill level 16 in Maces & Flails
 14983 | D:15     | Gained mutation: Your large and strong wings let you fly indefinitely. [Gargoyle growth]
 14983 | D:15     | Reached XP level 14. HP: 77/77 MP: 18/18
 15628 | D:15     | Received a gift from Okawaru
 15899 | D:15     | Found a staircase to the Depths.
 16223 | Lair:1   | Entered Level 1 of the Lair of Beasts
 16225 | Lair:1   | Noticed TuxedoFelix's ghost (journeyman MiBe)
 16242 | Lair:1   | Killed TuxedoFelix's ghost
 16281 | Lair:1   | Noticed Gastronok
 16295 | Lair:1   | Killed Gastronok
 16295 | Lair:1   | Reached skill level 10 in Fighting
 16349 | Lair:1   | Found a dark tunnel.
 16356 | Volcano  | Entered a volcano
 17002 | Volcano  | Found a burning altar of Makhleb.
 17013 | Volcano  | Received a gift from Okawaru
 17154 | Volcano  | Noticed a red draconian
 17168 | Volcano  | Killed a red draconian
 18129 | Lair:1   | Reached skill level 17 in Maces & Flails
 18224 | Lair:2   | Noticed Erica
 18228 | Lair:2   | Noticed Nergalle
 18239 | Lair:2   | Killed Erica
 18244 | Lair:2   | Killed Nergalle
 18422 | Lair:2   | Identified 2 scrolls of acquirement
 18425 | Lair:2   | Got a translucent hat
 18436 | Lair:2   | Identified the +2 hat of the Gate {+Inv Str+5 Stlth-} (You acquired it on level 2 of the Lair of Beasts)
 19021 | Lair:3   | Found a staircase to the Shoals.
 19035 | Lair:3   | Reached XP level 15. HP: 74/84 MP: 20/20
 19894 | Lair:4   | Found a hole to the Spider Nest.
 20263 | Lair:4   | Received a gift from Okawaru
 21178 | Lair:6   | Entered Level 6 of the Lair of Beasts
 21291 | Lair:6   | Received a gift from Okawaru
 21608 | Lair:6   | Reached XP level 16. HP: 72/93 MP: 21/21
 21702 | Lair:6   | Found a staircase to the Slime Pits.
 22080 | Lair:6   | Noticed an acid blob
 22095 | Lair:6   | HP: 2/93 [acid blob (20)]
 22095 | Lair:6   | Splashed by an acid blob's acid

Skill      XL: |  1  2  3  4  5  6  7  8  9 10 11 12 13 14 15 |
---------------+----------------------------------------------+-----
Maces & Flails | 3 4 6 7 10 11 13 14 16 17 | 17.4
Fighting       | 4 5 6 7 9 11 13 | 13.3
Shields        | 4 5 6 7 8 9 10 11 13 | 13.2
Armour         | 4 5 6 7 8 10 11 12 | 12.9
Dodging        | 1 |  1.2
Invocations    | 1 4 5 7 |  7.3
Throwing       | |  0.3
Evocations     | |  0.8

Action                   |  1- 3 |  4- 6 |  7- 9 | 10-12 | 13-15 | 16-18 || total
-------------------------+-------+-------+-------+-------+-------+-------++-------
Melee: Flail             |   144 |   169 |   155 |       |       |       ||   468
       Mace              |       |       |   204 |   548 |       |       ||   752
       Bite              |       |       |       |    51 |   167 |     5 ||   223
       Eveningstar       |       |       |       |   174 |  1054 |    53 ||  1281
Throw: Tomahawk          |       |       |       |     3 |       |       ||     3
       Javelin           |       |       |       |       |     4 |       ||     4
Invok: Heroism           |       |       |       |     4 |     2 |       ||     6
       Finesse           |       |       |       |       |     3 |       ||     3
 Abil: Evoke Berserk Rag |       |       |       |     1 |       |       ||     1
       Fly               |       |       |       |       |     3 |       ||     3
       Stop Flying       |       |       |       |       |     3 |       ||     3
Evoke: Wand              |       |       |       |       |     4 |       ||     4
  Use: Scroll            |       |     9 |     3 |    15 |    16 |       ||    43
       Potion            |       |     2 |     2 |    12 |     5 |     1 ||    22
  Eat: Chunk             |     1 |     6 |    17 |    32 |    22 |     1 ||    79
       Beef jerky        |       |       |     1 |       |       |       ||     1
       Fruit             |       |       |       |       |     3 |       ||     3
       Royal jelly       |       |       |       |       |     2 |       ||     2
Armor: Scale mail        |    30 |       |       |       |       |       ||    30
       Chain mail        |    62 |   150 |   163 |    51 |       |       ||   426
       Plate armour      |       |       |       |   305 |   262 |       ||   567
       Skin              |       |       |       |    26 |       |       ||    26
       Pearl dragon scal |       |       |       |       |   211 |       ||   211
       Quicksilver drago |       |       |       |       |     1 |    12 ||    13
Dodge: Dodged            |    37 |    55 |    87 |   178 |   205 |     8 ||   570
Block: Shield            |    79 |   111 |   152 |   368 |   284 |       ||   994
       Large shield      |       |       |       |       |   490 |    47 ||   537
       Reflection        |       |       |       |       |     3 |     1 ||     4
